 Dungeon Crawl Stone Soup version 0.31-a0-968-g24f9ace (webtiles) character file.

Game seed: 3089947981681863247

45 grinningmonk the Trooper (level 3, -5/33 HPs)
             Began as a Draconian Berserker on Jan 14, 2023.
             Was a Believer of Trog.
             Slain by a goblin
             ... wielding a +0 club
             ... led by Robin
              (6 damage)
             ... on level 2 of the Dungeon on Oct 26, 2023.
             The game lasted 00:14:29 (688 turns).

grinningmonk the Trooper (Draconian Berserker)       Turns: 688, Time: 00:14:30

Health: -5/33      AC:  5    Str: 21    XL:     3   Next: 42%
Magic:  3/3        EV: 12    Int:  7    God:    Trog [**....]
Gold:   60         SH:  0    Dex: 10    Spells: 2/2 levels left

rFire   . . .        a - +0 spear
rCold   . . .        (no shield)
rNeg    . . .        (body armour unavailable)
rPois   .            (helmet restricted)
rElec   .            (no cloak)
rCorr   +            (no gloves)
SInv    .            (no boots)
Will    .....        (no amulet)
Stlth   +            l - ring of resist corrosion
HPRegen 0.25/turn    (no ring)
MPRegen 0.08/turn

%: no passive effects
@: studying Short Blades
A: AC +5, unfitting armour, cold-blooded
a: Renounce Religion, Berserk, Trog's Hand


You were on level 2 of the Dungeon.
You worshipped Trog.
Trog was pleased with you.
You visited 1 branch of the dungeon, and saw 2 of its levels.

You collected 60 gold pieces.

Inventory:

Hand Weapons
 a - a +0 spear (weapon)
 c - a +0 sling
 g - a +0 club
 h - a +0 dagger
 i - a +0 club
 k - a +0 whip
 p - a +0 dagger
 s - a +0 hand axe
Missiles
 j - 10 stones
Armour
 m - a +0 robe
 o - a +0 leather armour
 q - a +0 ring mail
Jewellery
 l - a ring of resist corrosion (left hand)
Scrolls
 f - a scroll of fog {unknown}
 n - 2 scrolls of fear {unknown}
 r - a scroll of teleportation {unknown}
Potions
 b - a potion of magic {unknown}
 d - a potion of cancellation {unknown}
 e - 2 potions of curing {unknown}


   Skills:
 + Level 3.8 Fighting
 + Level 3.5 Polearms
 + Level 3.3 Dodging
 + Level 0.2 Stealth


You had 2 spell levels left.
You didn't know any spells.
Your spell library was empty.

Dungeon Overview and Level Annotations

Branches:
Dungeon (2/15)

Altars:

Shops:
D:2 :

Annotations:
D:2 Robin


Innate Abilities, Weirdness & Mutations

Your plain brown scales are hard. (AC +5)
You cannot fit into any form of body armour.
You are cold-blooded and may be slowed by cold attacks.


Message History

A gnoll comes into view. It is wielding a +0 flail.
A goblin comes into view. It is wielding a +0 club.
The hobgoblin hits you but does no damage.
A goblin comes into view. It is wielding a +0 dagger.
The goblin misses you.
You hit the hobgoblin.
You kill the hobgoblin!
Trog accepts your kill. The goblin hits you but does no damage.
You closely miss Robin. The goblin hits you with a +0 club.
A gnoll comes into view. It is wielding a +2 heavy spear.
Robin hits you but does no damage. The goblin hits you with a +0 club.
You closely miss Robin.
The gnoll shouts!
The goblin hits you but does no damage.
A gnoll comes into view. It is wielding a +0 club.
Robin barely misses you. The worm bites you! The goblin misses you.
You hit Robin but do no damage. You tail-slap Robin.
Robin is moderately wounded.
The goblin hits you but does no damage. x2
The goblin hits you with a +0 dagger.
* * * LOW HITPOINT WARNING * * *
Robin hits you but does no damage. The goblin hits you but does no damage.
The worm closely misses you. The goblin closely misses you.
Robin throws the goblin at you! The goblin attacks as it pursues you!
The goblin completely misses you. The goblin hits you but does no damage.
The worm bites you.
* * * LOW HITPOINT WARNING * * *
You barely miss the goblin.
Your tail-slap misses the goblin.
The goblin barely misses you. The goblin hits you with a +0 club.
* * * LOW HITPOINT WARNING * * *
Robin throws the goblin at you!
You hit the goblin.
The goblin is heavily wounded.
The goblin barely misses you. The goblin misses you.
The worm bites you but does no damage. The goblin hits you but does no damage.
The goblin hits you with a +0 dagger.
* * * LOW HITPOINT WARNING * * *
The goblin hits you with a +0 club.
You die...

####. #!# ...... ...
.## ...... #.# ..###
...... #.# ....###
......##.#######.##...#
..............#.......#
..............g.⌠...⌠..
.............gwg.g∩....
..###........@ggg...⌠..
. ##....†..gggggg.....
#...)......#........
#..†.......#.....###
.......#.######.....#
.......#....# #.....#
.......#.#### #.....#
#......#.# ####.....
#......#.# #<#


You could see a worm, Robin, 3 gnolls, a hobgoblin (strong) and 8 goblins.

Vanquished Creatures
  4 endoplasms
  3 giant cockroaches (D:1)
  3 goblins (D:1)
  6 hobgoblins
  6 jackals
  3 kobolds
  A quokka (D:1)
  3 ball pythons
  3 bats (D:1)
  2 frilled lizards (D:1)
  4 rats
38 creatures vanquished.

Notes
Turn   | Place    | Note
-------+----------+-------------------------------------------
     0 | D:1      | grinningmonk the Draconian Berserker began the quest for
                  | the Orb.
     0 | D:1      | Reached XP level 1. HP: 19/19 MP: 1/1
   108 | D:1      | Reached XP level 2. HP: 23/26 MP: 2/2
   172 | D:1      | Upgraded the game from 0.30-a0-634-g8abc852 to
                  | 0.31-a0-968-g24f9ace
   411 | D:1      | Reached XP level 3. HP: 33/33 MP: 3/3
   506 | D:1      | Reached ** piety under Trog
   670 | D:2      | Found Icuh Imi's Vocational Training.
   674 | D:2      | Noticed Robin
   688 | D:2      | HP: 1/33 [goblin/+0 dagger[Robin] (3)]
   688 | D:2      | Slain by a goblin

Illustrated notes

Levels and vault maps discovered:
D:1:      ncdulo_wetmaze, layout_basic, st_stairs_12
D:2:      layout_basic, nicolae_shop_vocational, uniq_natasha, uniq_robin

Skill      XL: |  1  2 |
---------------+-------+-----
Dodging        | 3 |  3.3
Fighting       | |  3.8
Polearms       | |  3.5
Stealth        | |  0.2

Action                     || total
---------------------------++-------
  Melee: Spear             ||   118
         Tailslap          ||    13
         Punch             ||     1
   Stab: Sleeping          ||     2
 Armour: Skin              ||    67
  Dodge: Dodged            ||    93

Table legend: (Time is in decaauts)
 A = Elapsed time spent in this place.
 B = Non-inter-level travel time spent in this place.
 C = Inter-level travel time spent in this place.
 D = Time resting spent in this place.
 E = Time spent auto-exploring this place.
 F = Levels seen in this place.
 G = Mean time per level.
                   A        B        C        D        E       F      G
               +--------+--------+--------+--------+--------+-----+--------+
         Total |    701 |    313 |    388 |      0 |      0 |   2 |  350.5 |
       Dungeon |    701 |    313 |    388 |      0 |      0 |   2 |  350.5 |
               +--------+--------+--------+--------+--------+-----+--------+

Top non-repeatable levels by time:
     D:1: 632 daAuts
     D:2: 69 daAuts
